 Dungeon Crawl Stone Soup version 0.28.0-53-g5a82cb258f (webtiles) character file.

Game seed: 119682693176257304

532 themarg the Thrower (level 7, -5/51 HPs)
             Began as a Gnoll Wanderer on June 3, 2022.
             Was a Believer of Wu Jian.
             Slain by Duvessa
             ... wielding a +0 short sword
              (7 damage)
             ... on level 4 of the Dungeon.
             The game lasted 00:18:21 (5201 turns).

themarg the Thrower (Gnoll Wanderer)                Turns: 5201, Time: 00:18:21

Health: -5/51      AC:  4    Str: 15    XL:     7   Next: 24%
Magic:  12/12      EV: 12    Int: 13    God:    Wu Jian [**....]
Gold:   233        SH:  0    Dex:  8    Spells: 12/13 levels left

rFire   . . .      SeeInvis .   l - +2 dagger (venom)
rCold   . . .      Faith    .   (no shield)
rNeg    . . .      Spirit   .   d - +0 leather armour
rPois   .          Reflect  .   (no helmet)
rElec   .          Harm     .   c - +0 cloak
rCorr   .          Rampage  .   (no gloves)
Will    .....                   (no boots)
Stlth   +.........              q - amulet of regeneration
HPRegen 0.97/turn               (no ring)
MPRegen 0.13/turn               (no ring)

@: no status effects
A: fangs 1, strong nose, distributed training
a: Renounce Religion, Wall Jump


You were on level 4 of the Dungeon.
You worshipped Wu Jian.
Wu Jian was pleased with you.
You visited 1 branch of the dungeon, and saw 4 of its levels.

You collected 233 gold pieces.

Inventory:

Hand Weapons
 a - a +2 dagger
 i - a +0 dagger of freezing
 l - a +2 dagger of venom (weapon)
Missiles
 b - 3 curare-tipped darts (quivered)
 f - 73 stones
 j - 8 poisoned darts
Armour
 c - a +0 cloak (worn)
 d - a +0 leather armour (worn)
 n - a +0 ring mail
Jewellery
 q - an amulet of regeneration (around neck)
Scrolls
 e - 2 scrolls of magic mapping {unknown}
 g - a scroll of fear
 o - a scroll of acquirement {unknown}
 p - a scroll of immolation {unknown}
 r - 2 scrolls of identify {unknown}
 s - a scroll of holy word {unknown}
 t - 3 scrolls of brand weapon {unknown}
 u - 2 scrolls of teleportation {unknown}
Potions
 h - 2 potions of brilliance {unknown}
 k - 2 potions of might
 m - 3 potions of heal wounds


   Skills:
 + Level 2.3 Fighting
 + Level 2.3 Short Blades
 + Level 2.3 Long Blades
 + Level 2.3 Axes
 + Level 2.3 Maces & Flails
 + Level 2.3 Polearms
 + Level 2.3 Staves
 + Level 2.3 Slings
 + Level 2.3 Bows
 + Level 2.3 Crossbows
 + Level 10.7 Throwing
 + Level 2.3 Armour
 + Level 5.2 Dodging
 + Level 2.3 Stealth
 + Level 2.3 Shields
 + Level 2.3 Unarmed Combat
 + Level 3.7 Spellcasting
 + Level 1.9 Conjurations
 + Level 1.9 Hexes
 + Level 1.9 Summonings
 + Level 1.9 Necromancy
 + Level 1.9 Translocations
 + Level 4.2 Transmutations
 + Level 1.9 Fire Magic
 + Level 1.9 Ice Magic
 + Level 1.9 Air Magic
 + Level 1.9 Earth Magic
 + Level 1.9 Poison Magic
 + Level 2.6 Invocations
 + Level 2.3 Evocations


You had 12 spell levels left.
You knew the following spells:

 Your Spells              Type           Power      Damage    Failure   Level
a - Beastly Appendage     Tmut           26%        N/A       4%          1

Your spell library contained the following spells:

 Spells                   Type           Power      Damage    Failure   Level
 Animate Skeleton         Necr           14%        N/A       12%         1
 Pain                     Necr           28%        1d5       12%         1
 Ignite Poison            Fire/Tmut/Pois 9%         N/A       26%         3
 Vampiric Draining        Necr           7%         2d6       34%         3


Dungeon Overview and Level Annotations

Branches:
Dungeon (4/15)
 Temple: D:4-7

Altars:
Wu Jian
Xom

Shops:
D:3 *

Annotations:
D:3 exclusion: downstairs
D:4 Duvessa


Innate Abilities, Weirdness & Mutations

You have very sharp teeth.
Your uncanny sense of smell can sniff out nearby items.
Your experience applies equally to all skills.


Message History

Dowan closely misses you.
You barely miss Dowan. Dowan hits you with a +0 dagger.
You hit Dowan.
Dowan is poisoned.
Dowan is lightly wounded.
You hit Dowan.
Dowan looks as sick as possible!
Your bite misses Dowan.
Dowan is moderately wounded.
Dowan says, "Magic and the sword, together, will defeat you."
Dowan hits you with a +0 dagger.
You hit Dowan but do no damage.
Dowan looks as sick as possible!
Dowan is heavily wounded.
Dowan hits you with a +0 dagger.
You spin and attack Dowan.
You hit Dowan but do no damage.
Dowan looks as sick as possible!
Dowan is heavily wounded.
Dowan hits you with a +0 dagger.
There is an open door here.
You kill Dowan!
The Council accepts your kill.
Duvessa weeps, and shakes her weapon.
Duvessa goes berserk!
You hit Duvessa but do no damage.
Duvessa is poisoned.
Duvessa hits you with a +0 short sword! Duvessa closely misses you.
You hit Duvessa but do no damage.
Duvessa looks as sick as possible!
Duvessa is lightly wounded.
Duvessa hits you with a +0 short sword!
You hit Duvessa but do no damage.
Duvessa looks as sick as possible!
Duvessa is lightly wounded.
Duvessa barely misses you. Duvessa hits you with a +0 short sword!
Duvessa hits you with a +0 short sword!
* * * LOW HITPOINT WARNING * * *
You closely miss Duvessa.
Duvessa is moderately wounded.
Duvessa hits you with a +0 short sword!
* * * LOW HITPOINT WARNING * * *
Duvessa hits you but does no damage.
You hit Duvessa.
Duvessa looks as sick as possible!
Duvessa is heavily wounded.
Duvessa hits you with a +0 short sword!
You die...

#.#
#..........#...).###
#.#
#..........#.....#
#.#
#..........#.....#
#.#
#....#######.....#
#.# #....# # #.#
#....# #.# #....##
#.##########.....#
#.............@..+
##############e..###.
#..†.........#
#....#######.# #....#
# #....# #....#
#....# #....#


You could see Duvessa (berserk, extremely poisoned).

Vanquished Creatures
  A phantom (D:4)
  A water moccasin skeleton (D:4)
  Dowan (D:4)
  2 hounds (D:4)
  A centaur zombie (D:4)
  An orc priest (D:4)
  3 orc wizards (D:4)
  3 adders
  4 gnolls (D:3)
  An adder skeleton (D:4)
  A worm (D:2)
  4 dart slugs
  8 orcs (D:4)
  8 endoplasms
  5 giant cockroaches
  5 goblins
  7 hobgoblins
  6 jackals (D:1)
  7 quokkas
  4 ball pythons
  5 bats
  6 frilled lizards
  6 kobolds
  6 rats
96 creatures vanquished.

Vanquished Creatures (others)
  4 toadstools (D:1)
4 creatures vanquished.

Grand Total: 100 creatures vanquished

Notes
Turn   | Place    | Note
-------+----------+-------------------------------------------
     0 | D:1      | Reached skill level 10 in Throwing
     0 | D:1      | themarg the Gnoll Wanderer began the quest for the Orb.
     0 | D:1      | themarg set off with the following items: a +2 dagger, 4
                  | curare-tipped darts, a +0 cloak, a +0 leather armour; and
                  | the following spell memorised: Beastly Appendage; and the
                  | following spells available to memorise: Ignite Poison
     0 | D:1      | Reached XP level 1. HP: 13/13 MP: 4/4
   428 | D:1      | Reached XP level 2. HP: 17/19 MP: 5/5
  1053 | D:1      | Reached XP level 3. HP: 23/25 MP: 7/7
  1619 | D:1      | Reached skill level 1 in Invocations
  2155 | D:2      | Reached skill level 1 in Fighting
  2155 | D:2      | Reached skill level 1 in Short Blades
  2155 | D:2      | Reached skill level 1 in Long Blades
  2155 | D:2      | Reached skill level 1 in Axes
  2155 | D:2      | Reached skill level 1 in Maces & Flails
  2155 | D:2      | Reached skill level 1 in Polearms
  2155 | D:2      | Reached skill level 1 in Staves
  2155 | D:2      | Reached skill level 1 in Slings
  2155 | D:2      | Reached skill level 1 in Bows
  2155 | D:2      | Reached skill level 1 in Crossbows
  2155 | D:2      | Reached skill level 1 in Armour
  2155 | D:2      | Reached skill level 1 in Stealth
  2155 | D:2      | Reached skill level 1 in Shields
  2155 | D:2      | Reached skill level 1 in Unarmed Combat
  2155 | D:2      | Reached skill level 1 in Evocations
  2184 | D:2      | Found a faded altar of an unknown god.
  2240 | D:2      | Found a shimmering altar of Xom.
  2514 | D:2      | Reached XP level 4. HP: 25/32 MP: 8/8
  3398 | D:2      | Prayed at the altar of an unknown god.
  3398 | D:2      | Became a worshipper of the Wu Jian Council
  3398 | D:2      | Reached * piety under Wu Jian
  3778 | D:3      | Reached skill level 1 in Conjurations
  3778 | D:3      | Reached skill level 1 in Hexes
  3778 | D:3      | Reached skill level 1 in Summonings
  3778 | D:3      | Reached skill level 1 in Necromancy
  3778 | D:3      | Reached skill level 1 in Translocations
  3778 | D:3      | Reached skill level 1 in Fire Magic
  3778 | D:3      | Reached skill level 1 in Ice Magic
  3778 | D:3      | Reached skill level 1 in Air Magic
  3778 | D:3      | Reached skill level 1 in Earth Magic
  3778 | D:3      | Reached skill level 1 in Poison Magic
  4001 | D:3      | Reached XP level 5. HP: 31/37 MP: 9/9
  4477 | D:3      | Found Zuimuzory's General Store.
  4574 | D:4      | Noticed Duvessa
  4574 | D:4      | Noticed Dowan
  4710 | D:4      | Reached XP level 6. HP: 44/44 MP: 9/11
  4791 | D:4      | Reached skill level 5 in Dodging
  5021 | D:4      | Reached ** piety under Wu Jian
  5070 | D:4      | Reached XP level 7. HP: 50/50 MP: 12/12
  5188 | D:4      | Killed Dowan
  5200 | D:4      | HP: 2/51 [Duvessa/+0 short sword (11)]
  5201 | D:4      | Slain by Duvessa

Illustrated notes

Levels and vault maps discovered:
D:1:      ldierk_walled_garden_2, layout_basic
D:2:      minmay_wonky_spiral, layout_loops_ring, basic_ecumenical_altar,
          basic_altar, nicolae_concentric_dashed_squares_wild,
          minmay_misc_feat_columns
D:3:      layout_rooms, serial_shops, nicolae_lakefront_shop,
          minmay_diced_spiral
D:4:      layout_basic, uniq_duvessa

Skill      XL: |  1  2  3  4  5  6 |
---------------+-------------------+-----
Throwing       | | 10.7
Invocations    | 1 2 |  2.6
Fighting       | 1 2 |  2.3
Short Blades   | 1 2 |  2.3
Long Blades    | 1 2 |  2.3
Axes           | 1 2 |  2.3
Maces & Flails | 1 2 |  2.3
Polearms       | 1 2 |  2.3
Staves         | 1 2 |  2.3
Slings         | 1 2 |  2.3
Bows           | 1 2 |  2.3
Crossbows      | 1 2 |  2.3
Armour         | 1 2 |  2.3
Stealth        | 1 2 |  2.3
Shields        | 1 2 |  2.3
Unarmed Combat | 1 2 |  2.3
Evocations     | 1 2 |  2.3
Spellcasting   | 3 |  3.7
Conjurations   | 1 |  1.9
Hexes          | 1 |  1.9
Summonings     | 1 |  1.9
Necromancy     | 1 |  1.9
Translocations | 1 |  1.9
Fire Magic     | 1 |  1.9
Ice Magic      | 1 |  1.9
Air Magic      | 1 |  1.9
Earth Magic    | 1 |  1.9
Poison Magic   | 1 |  1.9
Transmutations | 4 |  4.2
Dodging        | 5 |  5.2

Action                   |  1- 3 |  4- 6 |  7- 9 || total
-------------------------+-------+-------+-------++-------
Melee: Dagger            |   191 |   259 |    18 ||   468
       Bite              |    13 |    17 |     2 ||    32
       Punch             |     2 |     7 |       ||     9
Throw: Dart              |       |     2 |       ||     2
Invok: Lunge             |       |     6 |     4 ||    10
       Whirlwind         |       |    11 |     1 ||    12
  Use: Scroll            |       |     1 |       ||     1
       Potion            |       |     2 |       ||     2
 Stab: Sleeping          |       |     1 |     2 ||     3
Armor: Leather armour    |    61 |    68 |     2 ||   131
       Skin              |       |    85 |       ||    85
Dodge: Dodged            |    92 |   139 |     6 ||   237
